 Dungeon Crawl Stone Soup version 0.30-a0-996-ga6910c8ee8 (webtiles) character file.

Game seed: 2989434868094951936

247526 Jackthecabe the Geomancer (level 18, -1/204 HPs)
             Began as a Demigod Conjurer on Apr 4, 2023.
             Killed from afar by a deep elf high priest (23 damage)
             ... with damnation
             ... on level 3 of the Elven Halls.
             The game lasted 02:58:13 (65183 turns).

Jackthecabe the Geomancer (Demigod Conjurer)       Turns: 65183, Time: 02:58:23

Health: -1/204     AC: 33    Str:  8    XL:     18   Next: 52%
Magic:  5/35       EV: 13    Int: 44    God:
Gold:   1262       SH:  5    Dex: 12    Spells: 9/33 levels left

rFire   + . .      SeeInvis .      - Unarmed
rCold   + + .      Faith    .    a - +0 buckler
rNeg    + . .      Spirit   .    m - melded +0 leather armour of Melancholy {rF+ Dex+3}
rPois   ∞          Reflect  .    X - +2 helmet
rElec   +          Rampage  .    s - +2 cloak {rC+}
rCorr   .                        T - melded +1 pair of gloves of the Evening {Will+}
Will    +++..                    x - melded +2 pair of boots
Stlth   ++                       o - amulet of magic regeneration
HPRegen 0.54/turn                w - ring of willpower
MPRegen 0.64/turn                F - ring "Ceofadef" {Drain rElec rF+ rC+ Will+}

@: about to teleport, statue-form (expiring), corroded, very slow
A: slow and powerful, torment resistance 1, boosted hp, high MP 1, forlorn,
divine attributes
}: 1/15 runes: decaying
a: End Transformation


You were on level 3 of the Elven Halls.
You were a living statue of rough stone.
You visited 6 branches of the dungeon, and saw 33 of its levels.
You also visited: Ossuary, Ice Cave and Volcano.

You collected 4089 gold pieces.
You spent 2827 gold pieces at shops.


Innate Abilities, Weirdness & Mutations

You are a living statue of rough stone.
Your actions are slow, but your melee attacks are powerful.
You are resistant to unholy torment.
Your maximum health is greatly increased.
You are immune to poison.
Your equipment is partially melded.
You have an increased reservoir of magic. (+10% MP)
You shall have no god before yourself.
Your divine heritage dramatically boosts your attributes as you level up.


   Skills:
 - Level 13.0 Fighting
 - Level 6.0 Armour
 - Level 6.0 Dodging
 - Level 1.7 Stealth
 - Level 5.0 Shields
 - Level 11.0 Unarmed Combat
 - Level 8.0 Spellcasting
 + Level 13.0 Conjurations
 - Level 6.0 Hexes
 - Level 2.0 Translocations
 - Level 10.0 Transmutations
 - Level 12.0 Fire Magic
 - Level 14.0 Earth Magic
 - Level 8.0 Evocations


You had 9 spell levels left.
You knew the following spells:

 Your Spells              Type           Power      Damage    Failure   Level
l - Fireball              Conj/Fire      45%        3d18      1%          5
s - Searing Ray           Conj           100%       2d8       0%          2
t - Statue Form           Tmut/Erth      59%        N/A       2%          6
w - Stone Arrow           Conj/Erth      100%       3d13      1%          3
B - Blink                 Tloc           70%        N/A       1%          2
X - Starburst             Conj/Fire      45%        6d13      1%          6

Your spell library contained the following spells:

 Spells                   Type           Power      Damage    Failure   Level
 Foxfire                  Conj/Fire      100%       2x1d9     0%          1
 Magic Dart               Conj           100%       1d8       0%          1
 Sandblast                Erth           100%       2d20      0%          1
 Shock                    Conj/Air       100%       1d9       1%          1
 Passwall                 Tmut/Erth      74%        N/A       1%          2
 Dazzling Flash           Conj/Hex       100%       N/A       1%          3
 Kindle Blastsparks       Fire/Tloc/Air  100%       2d18      1%          3
 Tukima's Dance           Hex            63%        N/A       1%          3
 Cause Fear               Hex            31%        N/A       1%          4
 Fulminant Prism          Conj/Hex       39%        3d17      1%          4
 Iskenderun's Mystic Bla  Conj/Tloc      70%        2d14      1%          4
 Leda's Liquefaction      Hex/Erth       40%        N/A       1%          4
 Petrify                  Tmut/Erth      89%        N/A       1%          4
 Lee's Rapid Deconstruct  Erth           48%        3d23*     1%          5
 Ice Form                 Ice/Tmut       57%        N/A       2%          4
 Yara's Violent Unravell  Hex/Tmut       36%        3d15      2%          5
 Frozen Ramparts          Ice            34%        1d6       6%          3
 Ozocubu's Armour         Ice            17%        N/A       6%          3
 Swiftness                Air            17%        N/A       6%          3
 Manifold Assault         Tloc           35%        N/A       9%          4
 Passage of Golubria      Tloc           35%        N/A       9%          4
 Metabolic Englaciation   Hex/Ice        22%        N/A       17%         5
 Airstrike                Air            8%         2d(2-18)  21%         4
 Summon Ice Beast         Ice/Summ       17%        N/A       21%         4
 Summon Lightning Spire   Summ/Air       17%        N/A       21%         4
 Plasma Beam              Fire/Air       31%        2x1d48    26%         6
 Dragon Form              Tmut           40%        N/A       28%         7
 Storm Form               Tmut/Air       28%        N/A       92%         7
 Simulacrum               Ice/Necr       8%         N/A       97%         6
 Maxwell's Capacitive Co  Air            8%         ∞         100%        8
 Dragon's Call            Summ           8%         N/A       100%        9

Inventory:

Missiles
 b - 3 throwing nets {=f}
 M - 2 curare-tipped darts {=f}
Armour
 a - a +0 buckler (worn)
 m - the +0 leather armour of Melancholy (melded) {rF+ Dex+3}
   (You bought it in a shop on level 2 of the Orcish Mines)

   Dex:       It affects your dexterity (+3).
   rF:        It protects you from fire.
 s - a +2 cloak of cold resistance (worn)
 x - a +2 pair of boots (melded)
 T - the +1 pair of gloves of the Evening (melded) {Will+}
   (You bought it in a shop on level 2 of the Orcish Mines)

   Will:      It increases your willpower.
 X - a +2 helmet (worn)
Jewellery
 o - an amulet of magic regeneration (around neck)
 w - a ring of willpower (left fist)
 C - the ring of Eplirem {Fly rF+++ rN+ rCorr Str-3}
   (You took it off a deep elf demonologist on level 3 of the Elven Halls)

   [ring of resist corrosion]

   Str:       It affects your strength (-3).
   rF:        It renders you almost immune to fire.
   rN:        It protects you from negative energy.
   Fly:       It grants you flight.
   rCorr:     It protects you from acid and corrosion.
 E - the ring "Bajup" {rF+ rCorr Str-2 Int+2 SInv}
   (You took it off a deep elf sorcerer on level 3 of the Elven Halls)

   [ring of protection from fire]

   Str:       It affects your strength (-2).
   Int:       It affects your intelligence (+2).
   rF:        It protects you from fire.
   SInv:      It lets you see invisible.
   rCorr:     It protects you from acid and corrosion.
 F - the ring "Ceofadef" (right fist) {Drain rElec rF+ rC+ Will+}
   (You bought it in a shop on level 2 of the Snake Pit)

   [ring of willpower]

   rF:        It protects you from fire.
   rC:        It protects you from cold.
   rElec:     It insulates you from electricity.
   Drain:     It drains your maximum health when unequipped.
   Will:      It increases your willpower.
 N - a ring of positive energy
 R - a ring of resist corrosion
Wands
 c - a wand of polymorph (7)
 f - a wand of digging (11)
 g - a wand of paralysis (38)
 u - a wand of flame (79)
 I - a wand of iceblast (20)
 J - a wand of mindburst (36)
 U - a wand of quicksilver (16)
Scrolls
 h - 14 scrolls of teleportation {@r2}
 i - 2 scrolls of fear
 j - 2 scrolls of fog
 k - 7 scrolls of poison
 n - 4 scrolls of magic mapping
 r - 4 scrolls of butterflies
 y - 4 scrolls of blinking
 D - 2 scrolls of immolation
 H - 3 scrolls of vulnerability
 Z - 2 scrolls of silence {!r}
Potions
 d - 2 potions of invisibility
 e - 6 potions of brilliance
 l - 15 potions of curing {@q1}
 p - 5 potions of attraction
 q - 7 potions of berserk rage {!q}
 t - 3 potions of haste {@q3}
 A - 2 potions of resistance
 B - 7 potions of cancellation
 G - 2 potions of might
 K - 10 potions of flight
 P - 8 potions of lignification
 Q - 3 potions of magic
 V - 3 potions of ambrosia
 W - a potion of heal wounds {@q2}
Miscellaneous
 v - a tin of tremorstones (2/2)
 z - a lightning rod (4/4)
 L - a phial of floods
 O - a phantom mirror
 Y - a condenser vane

Dungeon Overview and Level Annotations

Branches:
Dungeon (15/15)            Temple (0/1) D:6            Lair (5/5) D:8
  Swamp (4/4) Lair:3        Snake (4/4) Lair:2        Slime (0/5) Lair:4
    Orc (2/2) D:10            Elf (3/3) Orc:2        Vaults (0/5) D:13
 Depths (0/4) D:15        Ossuary (visited)           IceCv (visited)
Volcano (visited)

Shops:
D:3 *   D:7 *   D:8 :   D:13 ?   Orc:1 =   Orc:2 [![[   Snake:1 *[   Snake:2 **
Snake:3 =*![   Snake:4 [

Annotations:
Snake:4 Mara
Elf:2 4 runed translucent doors, HilariousDeathArtist's ghost, adept DjMo
Elf:3 3 runed translucent doors

.......#
#E▒).▒.#
.....### #..e..#
...### #.....#
########
###e...E#
###...###
#.))#####
#.......# ##..##
#.......# ##.).#
#.......# #..).#
#.......###
##=8.#
#.......).#
#)).#
###...#'..#
###e##
#####...###.))##
#.#).#...=.## #
####.)......##
### ##'.).....##
..###
##.....♣...##
....###
##..♣.♣..♣♣..##


You could see a deep elf annihilator (empowered), a deep elf sorcerer
(empowered) and a deep elf high priest (brilliance aura).


Message History

The bolt of acid hits the deep elf annihilator!!!
The bolt of acid misses you.
The deep elf high priest utters an invocation to its god.
The deep elf high priest begins emitting a brilliant aura!
The deep elf annihilator is empowered by the deep elf high priest's aura!
The deep elf sorcerer is empowered by the deep elf high priest's aura!
The deep elf annihilator is empowered by the deep elf high priest's aura!
As you read the scroll of teleportation {@r2}, it crumbles to dust.
You feel strangely unstable.
The deep elf high priest mumbles some strange prayers to its god against you.
Something smites you!
* * * LOW HITPOINT WARNING * * *
The deep elf sorcerer gestures at you while chanting.
The bolt of acid hits the deep elf annihilator!!!
The acid corrodes the deep elf annihilator!
The deep elf annihilator dies!
The bolt of acid hits you!!
* * * LOW HITPOINT WARNING * * *
The acid corrodes you!
The deep elf annihilator casts a spell.
The deep elf annihilator blinks!
Your Conjurations skill increases to level 13!
Unknown command.
You feel much better.
The deep elf annihilator casts a spell at you.
The crystal spear hits you!!
* * * LOW HITPOINT WARNING * * *
The deep elf high priest mumbles some strange prayers to its god against you.
The sphere of damnation explodes!
The damnation engulfs you!!
You die...

Skill      XL: |  1  2  3  4  5  6  7  8  9 10 11 12 13 14 15 16 17 18 |
---------------+-------------------------------------------------------+-----
Spellcasting   | 2 3 5 6 7 8 |  8.0
Conjurations   | 4 5 6 8 9 11 12 13 | 13.0
Hexes          | 1 2 3 6 |  6.0
Translocations | 1 2 |  2.0
Fighting       | 3 6 8 10 12 13 | 13.0
Fire Magic     | 2 6 8 9 10 12 | 12.0
Shields        | 5 |  5.0
Armour         | 6 |  6.0
Evocations     | 1 3 8 |  8.0
Transmutations | 1 6 9 10 | 10.0
Earth Magic    | 1 6 10 12 14 | 14.0
Dodging        | 6 |  6.0
Unarmed Combat | 10 11 | 11.0
Stealth        | |  1.7

Action                     |  1- 3 |  4- 6 |  7- 9 | 10-12 | 13-15 | 16-18 || total
---------------------------+-------+-------+-------+-------+-------+-------++-------
  Melee: Rapier            |     5 |     2 |     4 |       |       |       ||    11
         Short sword       |       |       |   123 |    28 |       |       ||   151
         Punch             |       |       |     2 |     2 |       |       ||     4
         Spear             |       |       |       |    78 |       |       ||    78
         Falchion          |       |       |       |    54 |    70 |     4 ||   128
         Unarmed           |       |       |       |       |       |   297 ||   297
  Throw: Dart              |       |       |       |     1 |     2 |       ||     3
   Cast: Magic Dart        |   110 |    83 |   320 |    49 |       |       ||   562
         Searing Ray       |       |    16 |    39 |    28 |     1 |       ||    84
         Fulminant Prism   |       |       |    29 |    26 |    17 |     4 ||    76
         Fireball          |       |       |    15 |   245 |   453 |   304 ||  1017
         Blink             |       |       |       |    16 |     4 |       ||    20
         Starburst         |       |       |       |    14 |   123 |   184 ||   321
         Stone Arrow       |       |       |       |       |    99 |    78 ||   177
         Statue Form       |       |       |       |       |       |    81 ||    81
  Evoke: Wand              |       |       |       |     6 |     8 |     2 ||    16
         Lightning rod     |       |       |       |       |     1 |       ||     1
         Phial of floods   |       |       |       |       |       |     1 ||     1
         Phantom mirror    |       |       |       |       |       |     1 ||     1
         Condenser vane    |       |       |       |       |       |     1 ||     1
    Use: Scroll            |       |       |     7 |    13 |    13 |     9 ||    42
         Potion            |       |       |     3 |     2 |     4 |     4 ||    13
   Stab: Distracted        |       |       |     1 |       |       |       ||     1
 Armour: Robe              |     3 |     4 |    53 |    29 |    82 |       ||   171
         Steam dragon scal |       |       |    21 |   136 |       |       ||   157
         Skin              |       |       |       |     9 |       |   549 ||   558
         Leather armour    |       |       |       |       |    55 |    24 ||    79
  Dodge: Dodged            |    15 |    10 |   112 |   220 |   177 |   417 ||   951
  Block: Other             |     3 |     5 |    45 |    42 |       |       ||    95
         Reflection        |       |       |     4 |     6 |       |       ||    10
         Buckler           |       |       |       |   125 |   115 |   183 ||   423

Levels and vault maps discovered:
D:1:      dpeg_arrival_boxorama, layout_basic, ebering_ecumenical_altar_hall,
          minmay_octomino_c4
D:2:      layout_basic
D:3:      layout_basic, mainiacjoe_overflow_small_starburst, serial_shops, shop,
          uniq_terence
D:4:      layout_basic, lemuel_round_altar, mainiacjoe_overflow_catwalk,
          kennysheep_generic_room_4, uniq_edmund
D:5:      layout_basic, fedhas_altar_2, grunt_ministairs_11, due_unseen_surprise
D:6:      layout_loops_cross, general_overflow_altar,
          nicolae_sif_muna_condensation, temple_doors_e, minmay_strange_pillars,
          st_stairs_7, uniq_sigmund
D:7:      corexii_shack_village, layout_rooms,
          mainiacjoe_overflow_six_doors_small,
          mainiacjoe_overflow_cross_hatched, old_standard_altar,
          gammafunk_temple_overflow_elements, serial_shops, shop,
          nicolae_ossuary_entry_catacombs
D:8:      layout_cave_pools, erik_lair_orcish_takeover, special_room
          [special_room_orc], nicolae_shop_i_like_big_books
D:9:      layout_gridville, nzn_wu_jian_contemplation, dancing_weapons_uskayaw,
          kennysheep_vampire_church, item_on_display_b, uniq_harold,
          uniq_maurice
D:10:     layout_long_grid, mainiacjoe_overflow_chevrons, kennysheep_little_box,
          kennysheep_orc_monster_closet_entryway, uniq_urug
D:11:     layout_loops_corners
D:12:     layout_loops_corners, uniq_lodul
D:13:     layout_basic, david_vaults_5, serial_shops, shop, uniq_azrael
D:14:     layout_irregular_city, roderic_lattice_octagonal_star,
          amcnicky_mini_pool_medium
D:15:     grunt_enter_depths_hoard, layout_irregular_city,
          minmay_misc_feat_more_columns
Lair:1:   layout_gridlike, nicolae_lair_grazing_beasts
          [nicolae_sub_lair_graze_edge, nicolae_sub_lair_graze_edge,
          nicolae_sub_lair_graze_edge, nicolae_sub_lair_graze_edge]
Lair:2:   layout_long_grid, nicolae_snake_entry_warm_welcome,
          portal_ice_cave_rime
Lair:3:   layout_cave_pods, minmay_swamp_entry_worms, serial_bayou,
          serial_bayou_shore_b, serial_bayou_pond_b, serial_bayou_lake_a,
          serial_bayou_pond_e, serial_bayou_lagoon_b, serial_bayou_shore_b,
          serial_bayou_shore_b, infiniplex_staircase_pool, lemuel_fruit_tree
Lair:4:   layout_cave_shapes, slime_entry_1
Lair:5:   grunt_lair_end_beastmaster, layout_long_grid, serial_bayou_pond_b,
          serial_bayou_pond_a, grunt_forest_large_clearing_hut
Swamp:1:  layout_basic_swamp, nicolae_swamp_round_clearing
Swamp:2:  layout_falls_marsh, evilmike_swamp_ruin_house_4, uniq_kirke
Swamp:3:  layout_basic_swamp, evilmike_swamp_ruin_house_1, swamp_pool5
Swamp:4:  swamp_icy, layout_basic_swamp, swamp_pool1
Snake:1:  layout_gridlike, drop_trap, grunt_megastairs_4, minmay_shoptagon
Snake:2:  layout_honeycomb, minmay_shop_star, uniq_agnes
Snake:3:  layout_misc_corridors, basic_altar, serial_shops, nicolae_shop_trees,
          shop, nicolae_shop_window_shopping, nicolae_shop_waterfront,
          uniq_vashnia
Snake:4:  grunt_snake_rune_serpentine_throne, layout_cave_shapes, serial_shops,
          shop, grunt_megastairs_5, uniq_nikola, uniq_mara
Orc:1:    layout_caves, minmay_shop_enchanted_jewellery, uniq_erica
Orc:2:    st_orc_pillars, layout_caves, nicolae_volcano_entry_lava_flow,
          nicolae_orc_damp_corner
Elf:1:    eino_elf_arrival_customs, layout_gridlike,
          hangedman_elven_crosses_minicolossus, uniq_aizul
Elf:2:    nicolae_elf_blades_crystal_corner, layout_geoelf_octagon,
          ebering_ghost_inner_flame
Elf:3:    minmay_elf_hall_x, layout_geoelf_octagon,
          nicolae_gammafunk_elf_defective_weapons_storage

Notes
Turn   | Place    | Note
-------+----------+-------------------------------------------
     0 | D:1      | Jackthecabe the Demigod Conjurer began the quest for the
                  | Orb.
     0 | D:1      | Reached XP level 1. HP: 14/14 MP: 5/5
   134 | D:1      | Reached skill level 2 in Spellcasting
   245 | D:1      | Reached XP level 2. HP: 20/20 MP: 4/7
   539 | D:1      | Reached skill level 4 in Conjurations
  1106 | D:1      | Reached XP level 3. HP: 26/26 MP: 6/9
  1554 | D:2      | Learned a level 2 spell: Searing Ray
  2697 | D:3      | Reached skill level 3 in Spellcasting
  2697 | D:3      | Reached XP level 4. HP: 20/33 MP: 4/11
  2774 | D:3      | Learned a level 4 spell: Fulminant Prism
  2830 | D:3      | Noticed Terence
  2844 | D:3      | Killed Terence
  2964 | D:3      | Reached skill level 5 in Conjurations
  2995 | D:3      | Found Inelunue's Assorted Antiques.
  3362 | D:4      | Reached skill level 1 in Hexes
  3362 | D:4      | Reached XP level 5. HP: 38/38 MP: 6/12
  3590 | D:4      | Noticed Edmund
  3957 | D:4      | Learned a level 2 spell: Blink
  4069 | D:4      | Reached skill level 2 in Hexes
  4296 | D:4      | Reached skill level 1 in Translocations
  4427 | D:4      | Reached XP level 6. HP: 45/45 MP: 5/13
  5073 | D:5      | Entered Level 5 of the Dungeon
  5189 | D:5      | Reached skill level 2 in Translocations
  5334 | D:5      | Reached skill level 3 in Hexes
  5440 | D:5      | Reached skill level 6 in Conjurations
  5440 | D:5      | Reached XP level 7. HP: 44/50 MP: 2/14
  5791 | D:5      | Reached skill level 4 in Hexes
  6317 | D:6      | Reached skill level 5 in Hexes
  6754 | D:6      | Reached skill level 6 in Hexes
  6819 | D:6      | Found a staircase to the Ecumenical Temple.
  7040 | D:6      | Noticed Sigmund
  7069 | D:6      | Killed Sigmund
  7070 | D:6      | Reached skill level 2 in Fighting
  7155 | D:6      | Reached skill level 3 in Fighting
  7155 | D:6      | Reached XP level 8. HP: 58/63 MP: 10/15
  7624 | D:6      | Reached skill level 4 in Fighting
  7773 | D:7      | Found a sand-covered staircase.
  7790 | D:7      | Reached skill level 5 in Fighting
  7867 | Ossuary  | Entered an ossuary
  8663 | Ossuary  | Reached skill level 6 in Fighting
  9076 | D:7      | Reached skill level 1 in Fire Magic
  9145 | D:6      | Learned a level 5 spell: Fireball
  9504 | D:7      | Reached skill level 2 in Fire Magic
  9515 | D:7      | Reached XP level 9. HP: 75/75 MP: 5/17
  9599 | D:7      | Found Urphokylo's Assorted Antiques.
  9967 | D:8      | Reached skill level 3 in Fire Magic
 10069 | D:8      | Reached skill level 7 in Conjurations
 10279 | D:8      | Reached skill level 4 in Fire Magic
 10736 | D:8      | Found Ucloca's Tremendous Tomes.
 10996 | D:7      | Reached skill level 8 in Conjurations
 10996 | D:7      | Reached skill level 5 in Fire Magic
 11604 | D:8      | Found a staircase to the Lair.
 12114 | D:8      | Reached skill level 6 in Fire Magic
 12516 | D:9      | Noticed Harold
 12618 | D:8      | Reached XP level 10. HP: 78/83 MP: 12/18
 12659 | D:8      | Reached skill level 7 in Fire Magic
 12961 | D:9      | Noticed Maurice
 12966 | D:9      | Killed Maurice
 12967 | D:9      | Reached skill level 8 in Fire Magic
 13341 | D:8      | Reached skill level 4 in Spellcasting
 13879 | D:9      | Noticed a +0 dagger
 13881 | D:9      | Noticed a +0 hand axe
 14325 | D:9      | Reached skill level 7 in Fighting
 14530 | D:9      | Reached skill level 5 in Spellcasting
 14786 | D:9      | Killed Harold
 14787 | D:9      | Reached skill level 8 in Fighting
 15023 | D:10     | Entered Level 10 of the Dungeon
 15122 | D:10     | Noticed Urug
 15566 | D:10     | Reached XP level 11. HP: 95/95 MP: 3/22
 15742 | D:10     | Reached skill level 9 in Fighting
 16815 | D:9      | HP: 9/99 [yak (12)]
 16829 | D:9      | Reached skill level 10 in Fighting
 17196 | D:9      | Reached skill level 1 in Shields
 17434 | D:10     | Reached skill level 2 in Shields
 17539 | D:10     | Got Juroypru's Secrets of the Geologist and Coordinates
 17586 | D:10     | Found a staircase to the Orcish Mines.
 18018 | D:11     | Reached skill level 3 in Shields
 18460 | D:11     | Identified the +1 helmet of the Arcadian God {rC- Str+8
                  | Int-3 Dex+4}
 18869 | D:11     | Reached skill level 4 in Shields
 19624 | Lair:1   | Entered Level 1 of the Lair of Beasts
 19629 | Lair:1   | Reached skill level 5 in Shields
 19652 | D:8      | Reached skill level 1 in Armour
 20014 | Lair:1   | Noticed a catoblepas
 20016 | Lair:1   | Reached skill level 2 in Armour
 20186 | D:8      | Reached skill level 3 in Armour
 20489 | D:8      | Reached skill level 4 in Armour
 20833 | Lair:1   | Killed a catoblepas
 20834 | Lair:1   | Reached skill level 5 in Armour
 21073 | Lair:1   | Identified the +9 falchion of Muexkik {heavy, Int+3 Dex+4}
 21278 | D:8      | Reached skill level 6 in Armour
 21511 | Lair:1   | Reached skill level 1 in Evocations
 21804 | Lair:1   | Noticed a boulder beetle
 21835 | Lair:1   | Killed a boulder beetle
 21836 | Lair:1   | Reached XP level 12. HP: 91/106 MP: 1/23
 22285 | Lair:2   | Reached skill level 2 in Evocations
 22304 | Lair:2   | Found a frozen archway.
 22362 | IceCv    | Entered an ice cave
 22640 | IceCv    | Identified a +0 robe of resistance
 22956 | IceCv    | Learned a level 6 spell: Starburst
 23555 | IceCv    | Reached skill level 3 in Evocations
 24387 | IceCv    | Reached skill level 9 in Conjurations
 24387 | IceCv    | Reached skill level 9 in Fire Magic
 24958 | IceCv    | Identified the staff of death "Eploax" {rN+ rCorr Str+3
                  | Int-3}
 25060 | Lair:2   | Reached skill level 6 in Spellcasting
 25179 | Lair:2   | You fall into a shaft and drop 2 floors!
 25179 | Lair:4   | Found a staircase to the Slime Pits.
 25761 | Lair:2   | Reached skill level 11 in Fighting
 26138 | Lair:2   | Found a staircase to the Snake Pit.
 27430 | Lair:3   | Reached skill level 12 in Fighting
 27799 | Lair:3   | Found a staircase to the Swamp.
 27954 | Lair:3   | Reached XP level 13. HP: 118/118 MP: 5/26
 29722 | Lair:4   | Reached skill level 13 in Fighting
 30031 | Lair:5   | Entered Level 5 of the Lair of Beasts
 30077 | Lair:5   | Reached skill level 10 in Conjurations
 30518 | Lair:5   | Reached skill level 11 in Conjurations
 31402 | Lair:5   | Reached skill level 10 in Fire Magic
 31663 | Lair:5   | Reached skill level 1 in Transmutations
 31663 | Lair:5   | Reached skill level 1 in Earth Magic
 31875 | Lair:5   | Reached XP level 14. HP: 41/129 MP: 0/27
 32114 | Lair:5   | Reached skill level 2 in Transmutations
 32114 | Lair:5   | Reached skill level 2 in Earth Magic
 32502 | Lair:5   | Identified the +0 chain mail of Dramatic Exits {*Slow rF+
                  | Int+4}
 32845 | Orc:1    | Entered Level 1 of the Orcish Mines
 32845 | Orc:1    | Found Xys Pateimu's Jewellery Shoppe.
 33046 | Orc:2    | Entered Level 2 of the Orcish Mines
 33094 | Orc:2    | Found a dark tunnel.
 33111 | Volcano  | Entered a volcano
 33136 | Volcano  | Learned a level 3 spell: Stone Arrow
 33364 | Volcano  | Reached skill level 11 in Fire Magic
 33364 | Volcano  | Reached skill level 3 in Earth Magic
 33371 | Volcano  | Reached skill level 3 in Transmutations
 34181 | Orc:2    | Reached skill level 12 in Conjurations
 34228 | Orc:2    | Found a staircase to the Elven Halls.
 34803 | Orc:2    | Reached skill level 4 in Transmutations
 34803 | Orc:2    | Reached skill level 4 in Earth Magic
 35535 | Orc:2    | Found Seprorio's Antique Armour Shoppe.
 35538 | Orc:2    | Found Nibimp's Distillery.
 35539 | Orc:2    | Found Humysmyp's Antique Armour Shoppe.
 35540 | Orc:2    | Found Vynni's Antique Armour Shoppe.
 35550 | Orc:2    | Bought a potion of degeneration for 14 gold pieces
 35550 | Orc:2    | Bought a potion of resistance for 140 gold pieces
 35550 | Orc:2    | Bought a potion of invisibility for 112 gold pieces
 35555 | Orc:2    | Bought a bronze leather armour for 231 gold pieces
 35555 | Orc:2    | Identified the +0 leather armour of Melancholy {rF+ Dex+3}
                  | (You bought it in a shop on level 2 of the Orcish Mines)
 35565 | Orc:2    | Bought a pair of glowing gloves for 247 gold pieces
 35568 | Orc:2    | Bought a pair of crude gloves for 275 gold pieces
 35568 | Orc:2    | Identified the +1 pair of gloves of the Evening {Will+}
                  | (You bought it in a shop on level 2 of the Orcish Mines)
 35635 | Orc:1    | Noticed Erica
 35637 | Orc:1    | Noticed an orc warlord
 35639 | Orc:1    | Killed Erica
 35900 | Orc:1    | Reached skill level 5 in Transmutations
 36064 | Orc:1    | Reached skill level 5 in Earth Magic
 36152 | Orc:1    | You fall into a shaft and drop 1 floor!
 36402 | Orc:1    | Killed an orc warlord
 36755 | D:12     | Noticed Lodul
 36780 | D:12     | Reached skill level 12 in Fire Magic
 36981 | D:12     | Killed Lodul
 37643 | D:12     | Reached skill level 6 in Transmutations
 37643 | D:12     | Reached skill level 6 in Earth Magic
 38028 | D:13     | Reached XP level 15. HP: 109/135 MP: 8/28
 38453 | D:13     | Noticed Azrael
 38887 | D:13     | Killed Azrael
 39205 | D:13     | Reached skill level 7 in Transmutations
 39205 | D:13     | Reached skill level 7 in Earth Magic
 39297 | D:13     | Found a gate to the Vaults.
 39326 | D:13     | Found Zaselur's Magic Scroll Boutique.
 39334 | D:13     | Bought a scroll of identify for 26 gold pieces
 39335 | D:13     | Bought a scroll of identify for 26 gold pieces
 39335 | D:13     | Bought a scroll of magic mapping for 97 gold pieces
 39336 | D:13     | Bought a scroll of fear for 52 gold pieces
 40374 | D:15     | Entered Level 15 of the Dungeon
 40500 | D:15     | Reached skill level 8 in Transmutations
 40500 | D:15     | Reached skill level 8 in Earth Magic
 41064 | D:15     | Identified the ring "Koajeh" {Ice rCorr MP+9 Str-3}
 41496 | D:15     | Identified a scarf of resistance
 41648 | D:15     | Found a staircase to the Depths.
 42020 | D:4      | Killed Edmund
 42237 | D:10     | Found a staircase to the Orcish Mines.
 42293 | D:10     | Killed Urug
 42849 | Swamp:1  | Entered Level 1 of the Swamp
 44673 | Swamp:2  | Reached skill level 9 in Transmutations
 44673 | Swamp:2  | Reached skill level 9 in Earth Magic
 44861 | Swamp:2  | Noticed a thorn hunter
 45004 | Swamp:2  | Killed a thorn hunter
 45067 | Swamp:2  | Noticed Kirke
 45074 | Swamp:2  | Killed Kirke
 45095 | Swamp:2  | Reached skill level 7 in Spellcasting
 46352 | Swamp:3  | Reached skill level 10 in Earth Magic
 46352 | Swamp:3  | Reached XP level 16. HP: 143/143 MP: 1/31
 46370 | Swamp:3  | Reached skill level 10 in Transmutations
 46370 | Swamp:3  | Reached skill level 2 in Dodging
 46454 | Swamp:3  | Learned a level 6 spell: Statue Form
 46803 | Swamp:3  | Reached skill level 3 in Dodging
 47024 | Swamp:3  | Reached skill level 4 in Dodging
 47348 | Swamp:4  | Entered Level 4 of the Swamp
 47503 | Swamp:4  | Reached skill level 5 in Dodging
 48162 | Swamp:4  | Reached skill level 6 in Dodging
 48175 | Swamp:4  | Reached skill level 1 in Unarmed Combat
 48336 | Swamp:4  | Reached skill level 2 in Unarmed Combat
 48464 | Swamp:4  | Reached skill level 3 in Unarmed Combat
 48931 | Swamp:4  | Reached skill level 4 in Unarmed Combat
 49811 | Swamp:4  | Got a decaying rune of Zot
 49970 | Snake:1  | Entered Level 1 of the Snake Pit
 50052 | Snake:1  | Reached skill level 5 in Unarmed Combat
 50175 | Snake:1  | Found Obbo Jah's Armour Shoppe.
 50175 | Snake:1  | Found Foopauxt's Assorted Antiques.
 50510 | Snake:1  | Reached skill level 6 in Unarmed Combat
 51182 | Snake:2  | Reached skill level 7 in Unarmed Combat
 51415 | Snake:2  | Noticed Agnes
 51419 | Snake:2  | Killed Agnes
 51786 | Snake:2  | Reached skill level 8 in Unarmed Combat
 51875 | Snake:2  | Found Kiffeiw's General Store.
 51883 | Snake:2  | Found Eska Ahe's General Store.
 51887 | Snake:2  | Bought the ring "Ceofadef" {Drain rElec rF+ rC+ Will+} for
                  | 663 gold pieces
 52808 | Snake:2  | Reached skill level 9 in Unarmed Combat
 53057 | Snake:3  | Found Etoah's Armour Shoppe.
 53111 | Snake:3  | Found Lunaun's Distillery.
 53125 | Snake:3  | Bought a potion of magic for 120 gold pieces
 53125 | Snake:3  | Bought a potion of ambrosia for 120 gold pieces
 53227 | Snake:3  | Found Puwkeh's General Store.
 53527 | Snake:3  | Reached skill level 10 in Unarmed Combat
 53530 | Snake:3  | Reached XP level 17. HP: 122/149 MP: 2/32
 54043 | Snake:3  | Noticed Vashnia
 54063 | Snake:3  | Killed Vashnia
 54073 | Snake:3  | Reached skill level 11 in Unarmed Combat
 54427 | Snake:3  | Found Numnebb's Jewellery Boutique.
 54717 | D:13     | Bought a scroll of immolation for 52 gold pieces
 54717 | D:13     | Bought a scroll of immolation for 52 gold pieces
 55096 | Snake:3  | Bought a phantom mirror for 600 gold pieces
 55335 | Snake:4  | Entered Level 4 of the Snake Pit
 55856 | Snake:4  | Reached skill level 4 in Evocations
 55901 | Snake:4  | Found Fucumel Lat's Armour Shop.
 55913 | Snake:4  | Reached skill level 5 in Evocations
 56823 | Snake:4  | Reached skill level 6 in Evocations
 57042 | Snake:4  | Noticed Mara
 57562 | Elf:1    | Entered Level 1 of the Elven Halls
 57879 | Elf:1    | Reached skill level 7 in Evocations
 58076 | Elf:1    | Noticed a Tzitzimitl
 58576 | Elf:1    | Reached skill level 8 in Evocations
 59259 | Elf:1    | Noticed Aizul
 59275 | Elf:1    | Killed Aizul
 59276 | Elf:1    | Reached skill level 11 in Earth Magic
 59873 | Elf:2    | Reached skill level 12 in Earth Magic
 60257 | Elf:2    | Found a runed translucent door.
 60259 | Elf:2    | Noticed HilariousDeathArtist's ghost (adept DjMo)
 60887 | Elf:2    | Found a runed translucent gate.
 60888 | Elf:2    | Found a runed translucent gate.
 60888 | Elf:2    | Found a runed translucent gate.
 61124 | Elf:2    | Reached XP level 18. HP: 152/157 MP: 21/33
 61270 | Elf:3    | Entered Level 3 of the Elven Halls
 61278 | Elf:3    | Reached skill level 13 in Earth Magic
 61718 | Elf:3    | Paralysed by an air elemental for 1 turns
 62234 | Elf:3    | Paralysed by an air elemental for 1 turns
 62501 | Elf:3    | Found a runed translucent gate.
 62502 | Elf:3    | Found a runed translucent gate.
 62502 | Elf:3    | Found a runed translucent gate.
 62634 | Elf:3    | Reached skill level 14 in Earth Magic
 63197 | Elf:3    | Reached skill level 8 in Spellcasting
 64048 | Elf:3    | Identified the +2 robe of the Marlin {Str+6}
 64811 | Elf:3    | Identified the +9 morningstar "Jackthecabe's Regret"
                  | {flame, Will++ Int+3}
 64811 | Elf:3    | Identified +1 pearl dragon scales
 64816 | Elf:3    | Identified the +2 dagger of Sunlight {drain, Drain rElec
                  | rPois Will+}
 64818 | Elf:3    | Identified the ring "Bajup" {rF+ rCorr Str-2 Int+2 SInv}
 65111 | Elf:3    | Identified the +6 dagger of Yboemu {heavy, rN+ Will+ rCorr
                  | Int+3}
 65111 | Elf:3    | Identified the ring of Eplirem {Fly rF+++ rN+ rCorr Str-3}
 65183 | Elf:3    | Reached skill level 13 in Conjurations
 65183 | Elf:3    | Killed from afar by a deep elf high priest

Vanquished Creatures
  Vashnia (Snake:3)
  2 deep elf master archers (Elf:3)
  A thorn hunter (Swamp:2)
  Agnes (Snake:2)
  Kirke (Swamp:2)
  3 nagarajas (Snake:2)
  A fenstrider witch (Swamp:4)
  2 azure jellies (Swamp:4)
  5 deep elf sorcerers (Elf:3)
  4 deep elf elementalists (Elf:3)
  Aizul (Elf:1)
  An orc warlord (Orc:1)
  8 deep elf annihilators (Elf:3)
  5 eleionomae
  Azrael (D:13)
  5 deep elf demonologists
  3 bunyips
  2 fire dragons (D:15)
  An ettin (Orc:2)
  2 deep elf death magi
  5 deep elf high priests (Elf:3)
  A shambling mangrove (Swamp:2)
  A great orb of eyes (D:15)
  A vault guard (D:13)
  7 hydras
  A salamander tyrant (Snake:3)
  Harold (D:9)
  2 ice dragons (Swamp:4)
  2 boulder beetles
  A ghost crab (Swamp:1)
  An ogre mage (Volcano)
  8 two-headed ogres
  Erica (Orc:1)
  9 alligators
  7 centaur warriors
  11 anacondas
  2 catoblepae
  7 naga warriors
  19 dancing weapons
  3 tengu warriors
  5 death yaks (Lair:5)
  A deep troll shaman (Lair:5)
  7 orc high priests
  Urug (D:10)
  12 naga sharpshooters
  21 deep elf knights
  A hell knight (Volcano)
  5 shock serpents
  2 skysharks
  Lodul (D:12)
  A skeletal warrior (D:14)
  5 goliath frogs
  5 spriggan druids
  7 bog bodies
  4 naga ritualists
  3 swamp dragons
  12 deep elf archers
  2 lindwurms (Lair:5)
  A wolf spider (Lair:5)
  22 deep elf zephyrmancers
  33 deep elf pyromancers
  9 orc knights
  11 salamanders
  12 ugly things
  2 orc sorcerers (Orc:1)
  6 manticores
  10 mana vipers
  A will-o-the-wisp (Swamp:2)
  5 cyclopes
  22 elephants
  An ice statue (IceCv)
  9 naga magi
  Maurice (D:9)
  4 cane toads
  A torpor snail (Lair:5)
  38 black mambas
  2 guardian serpents
  4 rime drakes
  2 kobold demonologists
  4 freezing wraiths (Swamp:4)
  A tengu conjurer (D:15)
  13 komodo dragons
  An efreet (D:14)
  3 anaconda simulacra (IceCv)
  An ice devil (IceCv)
  8 trolls
  13 tyrant leeches
  A bloated husk (Swamp:4)
  7 hornets
  6 polar bears
  A tarantella (shapeshifter) (D:15)
  18 dream sheep
  18 blink frogs
  4 air elementals
  13 slime creatures
  A centaur simulacrum (D:14)
  2 vampires
  10 spriggans
  4 water elementals
  Sigmund (D:6)
  A dire elephant simulacrum (IceCv)
  3 wyverns
  43 yaks
  5 fire bats (Volcano)
  2 hogs (Swamp:2)
  3 wraiths
  A death yak simulacrum (IceCv)
  3 fire elementals
  6 basilisks
  A steam dragon (D:7)
  12 vampire mosquitoes
  5 swamp worm simulacra (Swamp:4)
  Edmund (D:4)
  An acid dragon (D:13)
  26 nagas
  15 swamp worms
  5 hell hounds
  13 hydra simulacra
  3 wargs (D:8)
  An ice beast (D:5)
  16 water moccasins
  51 orc warriors
  5 swamp drakes
  A sky beast (D:7)
  2 black bears
  14 ogres
  23 wolves
  4 centaurs
  2 phantoms
  7 kobold brigands
  2 elf zombies (Ossuary)
  6 bullfrogs
  3 earth elementals
  5 gnoll sergeants
  3 two-headed ogre simulacra (IceCv)
  2 cane toad simulacra (IceCv)
  An elf skeleton (D:7)
  7 wights
  17 killer bees
  2 elephant simulacra (IceCv)
  3 electric eels (Lair:3)
  2 vampire bats
  4 howler monkeys
  7 lava snakes
  A centaur zombie (Ossuary)
  A hound (D:5)
  5 human zombies
  A jelly (D:6)
  31 orc priests
  A human skeleton (D:7)
  Terence (D:3)
  2 gnoll boudas
  3 iguanas
  20 orc wizards
  3 polar bear simulacra (IceCv)
  7 spriggan simulacra (IceCv)
  7 troll simulacra (IceCv)
  2 wolf simulacra (IceCv)
  A boggart simulacrum (D:15)
  2 mummies (Ossuary)
  19 gnolls
  6 adders
  5 naga simulacra (IceCv)
  2 shadow imps
  9 white imps
  4 ufetubi
  3 swamp drake simulacra (Swamp:4)
  2 adder zombies (Ossuary)
  2 worms
  3 dart slugs
  118 orcs
  6 ball pythons
  3 bat skeletons (D:9)
  2 bat zombies (D:9)
  10 endoplasms
  2 giant cockroaches
  10 goblins
  6 hobgoblins
  10 jackals
  24 kobolds
  3 quokkas
  3 bats
  5 frilled lizards
  6 hobgoblin zombies (Ossuary)
  A jackal zombie (Ossuary)
  13 kobold zombies (Ossuary)
  11 orc zombies
  7 rats
  A rat zombie (Ossuary)
  A bush (Lair:4)
1285 creatures vanquished.

Vanquished Creatures (others)
  2 deep elf elementalists (Elf:3)
  An eleionoma (Swamp:2)
  2 deep elf annihilators (Elf:3)
  3 deep elf knights
  A deep elf pyromancer (Elf:1)
  4 deep elf zephyrmancers
  A mana viper (Snake:3)
  A will-o-the-wisp (Swamp:4)
  A black mamba (Snake:4)
  A bloated husk (Swamp:4)
  A tyrant leech (Swamp:2)
  A slime creature (D:13)
  A wraith (D:13)
  3 bushes (Lair:5)
  A fire vortex (Lair:1)
  76 fulminant prisms
  55 fungi
  87 plants
242 creatures vanquished.

Grand Total: 1527 creatures vanquished

Table legend: (Time is in decaauts)
 A = Elapsed time spent in this place.
 B = Non-inter-level travel time spent in this place.
 C = Inter-level travel time spent in this place.
 D = Time resting spent in this place.
 E = Time spent auto-exploring this place.
 F = Levels seen in this place.
 G = Mean time per level.
                   A        B        C        D        E       F      G
               +--------+--------+--------+--------+--------+-----+--------+
         Total |  68037 |  63046 |   4991 |  23123 |  29183 |  36 | 1889.9 |
       Dungeon |  26529 |  24313 |   2216 |   6932 |  13493 |  15 | 1768.6 |
          Lair |  10559 |   9635 |    924 |   3486 |   4625 |   5 | 2111.8 |
         Swamp |   6818 |   6333 |    485 |   3337 |   2055 |   4 | 1704.5 |
     Snake Pit |   7845 |   7308 |    537 |   3546 |   2783 |   4 | 1961.2 |
  Orcish Mines |   3285 |   2985 |    300 |    577 |   1555 |   2 | 1642.5 |
   Elven Halls |   8605 |   8077 |    528 |   3882 |   2790 |   3 | 2868.3 |
       Ossuary |   1185 |   1185 |      0 |    166 |    733 |   1 | 1185.0 |
      Ice Cave |   2745 |   2745 |      0 |   1088 |    990 |   1 | 2745.0 |
       Volcano |    462 |    462 |      0 |    108 |    159 |   1 |  462.0 |
               +--------+--------+--------+--------+--------+-----+--------+

Top non-repeatable levels by time:
     D:8: 4382 daAuts
   Elf:3: 4052 daAuts
 Snake:3: 3611 daAuts
  Lair:3: 3573 daAuts
    D:10: 2994 daAuts
     D:9: 2816 daAuts
   Elf:1: 2767 daAuts
   IceCv: 2745 daAuts
 Swamp:4: 2736 daAuts
   Orc:2: 2426 daAuts
 Snake:2: 2334 daAuts
  Lair:5: 2189 daAuts
 Swamp:1: 1982 daAuts
  Lair:1: 1844 daAuts
   Elf:2: 1786 daAuts

Table legend:
 A = Non-vault XP
 B = Vault XP
 C = Vault XP percentage of total XP
 D = Non-vault monster count
 E = Vault monster count
 F = Vault count percentage of total count
                 A         B        C        D         E       F
            +---------+---------+-------+---------+---------+-------
      Total |  271580 |  127235 |  31.9 |     873 |     428 |  32.9
            +---------+---------+-------+---------+---------+-------
        D:1 |      40 |      10 |  20.0 |      22 |       6 |  21.4
        D:2 |      53 |       0 |   0.0 |      18 |       0 |   0.0
        D:3 |      77 |      36 |  31.9 |      12 |       1 |   7.7
        D:4 |     374 |     174 |  31.8 |      31 |       3 |   8.8
        D:5 |     335 |      78 |  18.9 |      14 |       2 |  12.5
        D:6 |     739 |     353 |  32.3 |      12 |       3 |  20.0
        D:7 |     777 |     448 |  36.6 |      12 |      15 |  55.6
        D:8 |    6334 |    1691 |  21.1 |      66 |      29 |  30.5
        D:9 |    3994 |    1383 |  25.7 |      39 |       8 |  17.0
       D:10 |    2066 |    2496 |  54.7 |      26 |      21 |  44.7
       D:11 |    2564 |       0 |   0.0 |      20 |       0 |   0.0
       D:12 |    6772 |    1638 |  19.5 |      25 |       8 |  24.2
       D:13 |    5415 |    5125 |  48.6 |      18 |      12 |  40.0
       D:14 |    5752 |    2890 |  33.4 |      10 |       6 |  37.5
       D:15 |    8527 |    1868 |  18.0 |      16 |       2 |  11.1
     Lair:1 |    3184 |    1214 |  27.6 |      11 |       3 |  21.4
     Lair:2 |    3954 |    1437 |  26.7 |      16 |       5 |  23.8
     Lair:3 |    9264 |     474 |   4.9 |      40 |       3 |   7.0
     Lair:4 |    6964 |       0 |   0.0 |      23 |       0 |   0.0
     Lair:5 |   17572 |   10847 |  38.2 |      53 |      25 |  32.1
    Swamp:1 |   10769 |       0 |   0.0 |      21 |       0 |   0.0
    Swamp:2 |   12022 |    1755 |  12.7 |      20 |       3 |  13.0
    Swamp:3 |   14266 |     281 |   1.9 |      31 |       2 |   6.1
    Swamp:4 |   13302 |    8480 |  38.9 |      22 |      28 |  56.0
    Snake:1 |   11591 |    1432 |  11.0 |      24 |       3 |  11.1
    Snake:2 |   19297 |    1392 |   6.7 |      34 |       1 |   2.9
    Snake:3 |   17788 |    7450 |  29.5 |      33 |       7 |  17.5
    Snake:4 |   11966 |    3612 |  23.2 |      26 |       8 |  23.5
      Orc:1 |    6128 |     831 |  11.9 |      35 |       1 |   2.8
      Orc:2 |    4222 |   10558 |  71.4 |      31 |      62 |  66.7
      Elf:1 |   19560 |   13877 |  41.5 |      31 |      21 |  40.4
      Elf:2 |   20828 |    5765 |  21.7 |      40 |       7 |  14.9
      Elf:3 |   25084 |   27241 |  52.1 |      41 |      26 |  38.8
    Ossuary |       0 |     350 | 100.0 |       0 |      39 | 100.0
      IceCv |       0 |    5053 | 100.0 |       0 |      51 | 100.0
    Volcano |       0 |    6996 | 100.0 |       0 |      17 | 100.0
            +---------+---------+-------+---------+---------+-------
